TOP OF THE 1ST |
Sioux Falls Red Pandas batting - Pitching for Hamilton Coyotes : RHP Alfonso Miranda
|
Pitching: RHP Alfonso Miranda
|
|
Batting: RHB Ricardo Pérez
|
0-0: Called Strike 0-1: Ball 1-1: Called Strike 1-2: Ball 2-2: Ball 3-2: Foul Ball, location: 2F 3-2: Foul Ball, location: 2F 3-2: Foul Ball, location: 2F 3-2: Foul Ball, location: 2F 3-2: Base on Balls
|
Batting: RHB Domenic Gallard
|
0-0: Called Strike 0-1: Ball 1-1: Foul Ball, location: 2F 1-2: Grounds into double play, 4-6-3 (Groundball, 4)
|
Batting: LHB Francisco Ornelas
|
0-0: Ball 1-0: Ball 2-0: Ball 3-0: Called Strike 3-1: Ground out 3-1 (Groundball, 34)
|
Top of the 1st over - 0 run(s), 0 hit(s), 0 error(s), 0 left on base; Sioux Falls 0 - Hamilton 0 |
BOTTOM OF THE 1ST |
Hamilton Coyotes batting - Pitching for Sioux Falls Red Pandas : LHP Jim Unknown
|
Pitching: LHP Jim Unknown
|
|
Batting: RHB Ben Daniel
|
0-0: Called Strike 0-1: Ball 1-1: Called Strike 1-2: Foul Ball, location: 2F 1-2: Ground out 6-3 (Groundball, 6)
|
Batting: RHB Stan Pierce
|
0-0: Ball 1-0: Foul Ball, location: 2F 1-1: Fly out, F8 (Flyball, 8RXD)
|
Batting: RHB Ralph May
|
0-0: Foul Ball, location: 2F 0-1: Foul Ball, location: 2F 0-2: Strikes out swinging
|
Bottom of the 1st over - 0 run(s), 0 hit(s), 0 error(s), 0 left on base; Sioux Falls 0 - Hamilton 0 |
TOP OF THE 2ND |
Sioux Falls Red Pandas batting - Pitching for Hamilton Coyotes : RHP Alfonso Miranda
|
Batting: SHB Dan Hunt
|
0-0: Ball 1-0: Ball 2-0: SOLO HOME RUN (Line Drive, 9D), Distance : 335 ft
|
Batting: RHB Jean Chamissa
|
0-0: Ball 1-0: Called Strike 1-1: Called Strike 1-2: Strikes out swinging
|
Batting: LHB Joe Perry
|
0-0: Ball 1-0: Ball 2-0: Called Strike 2-1: TRIPLE (Flyball, 78XD)
|
Batting: RHB Tyrone Graham
|
0-0: Ball 1-0: Called Strike 1-1: Foul Ball, location: 2F 1-2: Foul Ball, location: 2F 1-2: Ball 2-2: Ball 3-2: Foul Ball, location: 2F 3-2: Strikes out looking
|
Batting: RHB Keith Hatch
|
0-0: Ball 1-0: Called Strike 1-1: Ball 2-1: Swinging Strike 2-2: Fly out, F7 (Line Drive, 7S)
|
Top of the 2nd over - 1 run(s), 2 hit(s), 0 error(s), 1 left on base; Sioux Falls 1 - Hamilton 0 |
BOTTOM OF THE 2ND |
Hamilton Coyotes batting - Pitching for Sioux Falls Red Pandas : LHP Jim Unknown
|
Batting: RHB Dan Holliday
|
0-0: Ball 1-0: Ball 2-0: Called Strike 2-1: Called Strike 2-2: Ball 3-2: Base on Balls
|
Batting: RHB Jon Erickson
|
0-0: Called Strike 0-1: Swinging Strike 0-2: Foul Ball, location: 2F 0-2: Strikes out swinging
|
Batting: LHB Lance Schiffer
|
0-0: Ball 1-0: Called Strike 1-1: Fielders Choice at 2nd, 4-6 (Groundball, 4M)
|
Batting: RHB Carlos Mercado
|
0-0: Ball 1-0: Ball 2-0: Called Strike 2-1: Ball 3-1: Base on Balls Lance Schiffer to second
|
Batting: RHB Dan Bernard
|
0-0: Ball 1-0: Called Strike 1-1: Ball 2-1: Ball 3-1: Base on Balls Lance Schiffer to third Carlos Mercado to second
|
Batting: RHB Jesús Soto
|
0-0: Ball 1-0: Ball 2-0: Called Strike 2-1: Ground out 3-1 (Groundball, 34)
|
Bottom of the 2nd over - 0 run(s), 0 hit(s), 0 error(s), 3 left on base; Sioux Falls 1 - Hamilton 0 |
TOP OF THE 3RD |
Sioux Falls Red Pandas batting - Pitching for Hamilton Coyotes : RHP Alfonso Miranda
|
Batting: LHB Thomas Campbell
|
0-0: SINGLE (Line Drive, 34)
|
Batting: RHB Ricardo Pérez
|
0-0: Called Strike 0-1: SINGLE (Line Drive, 7S) Thomas Campbell to second
|
Batting: RHB Domenic Gallard
|
0-0: Ball 1-0: Ball 2-0: SINGLE (Flyball, 8RS) Thomas Campbell to third Ricardo Pérez to second Runner from 3rd tries for Home, SAFE, no throw or cutoff
|
Batting: LHB Francisco Ornelas
|
0-0: Grounds into double play, 6-4-3 (Groundball, 6) Ricardo Pérez to third
|
Batting: SHB Dan Hunt
|
0-0: Called Strike 0-1: Foul Ball, location: 2F 0-2: Fly out, F9 (Flyball, 89XD)
|
Top of the 3rd over - 1 run(s), 3 hit(s), 0 error(s), 1 left on base; Sioux Falls 2 - Hamilton 0 |
BOTTOM OF THE 3RD |
Hamilton Coyotes batting - Pitching for Sioux Falls Red Pandas : LHP Jim Unknown
|
Batting: RHB Ben Daniel
|
0-0: Ball 1-0: Swinging Strike 1-1: Ball 2-1: Ball 3-1: Base on Balls
|
Batting: RHB Stan Pierce
|
0-0: Called Strike 0-1: Ball 1-1: Fly out, F9 (Flyball, 89S)
|
Batting: RHB Ralph May
|
0-0: Called Strike 0-1: Ball 1-1: Fly out, F9 (Line Drive, 9D)
|
Batting: RHB Dan Holliday
|
0-0: Ball Ben Daniel is caught stealing 2nd base
|
Bottom of the 3rd over - 0 run(s), 0 hit(s), 0 error(s), 0 left on base; Sioux Falls 2 - Hamilton 0 |
TOP OF THE 4TH |
Sioux Falls Red Pandas batting - Pitching for Hamilton Coyotes : RHP Alfonso Miranda
|
Batting: RHB Jean Chamissa
|
0-0: Fly out, F8 (Flyball, 8LM)
|
Batting: LHB Joe Perry
|
0-0: Called Strike 0-1: Ball 1-1: Ball 2-1: SINGLE (Groundball, 56D)
|
Batting: RHB Tyrone Graham
|
0-0: Ball 1-0: Called Strike 1-1: Fly out, F8 (Flyball, 89XD)
|
Batting: RHB Keith Hatch
|
0-0: Called Strike 0-1: Ball 1-1: Fly out, F7 (Flyball, 7D)
|
Top of the 4th over - 0 run(s), 1 hit(s), 0 error(s), 1 left on base; Sioux Falls 2 - Hamilton 0 |
BOTTOM OF THE 4TH |
Hamilton Coyotes batting - Pitching for Sioux Falls Red Pandas : LHP Jim Unknown
|
Batting: RHB Dan Holliday
|
0-0: Fly out, F3 (Popup, 3SF)
|
Batting: RHB Jon Erickson
|
0-0: SOLO HOME RUN (Flyball, 78XD), Distance : 394 ft
|
Batting: LHB Lance Schiffer
|
0-0: Called Strike 0-1: SINGLE (Line Drive, 6D)
|
Batting: RHB Carlos Mercado
|
0-0: Ball 1-0: Foul Ball, location: 2F 1-1: Ball 2-1: Ball 3-1: Base on Balls Lance Schiffer to second
|
Batting: RHB Dan Bernard
|
0-0: Fielders Choice at 2nd, 5-4 (Groundball, 56) Lance Schiffer to third
|
Batting: RHB Jesús Soto
|
0-0: Ball 1-0: Foul Ball, location: 2F 1-1: Ball 2-1: Foul Ball, location: 2F 2-2: Foul Ball, location: 2F 2-2: SINGLE (Line Drive, 78S) Lance Schiffer scores Dan Bernard to second Runner from 2nd tries for 3rd, SAFE, throw made to third
|
Batting: RHB Ben Daniel
|
0-0: Ball 1-0: Ball 2-0: Foul Ball, location: 2F 2-1: Foul Ball, location: 2F 2-2: Ball 3-2: Fly out, F7 (Line Drive, 78D)
|
Bottom of the 4th over - 2 run(s), 3 hit(s), 0 error(s), 2 left on base; Sioux Falls 2 - Hamilton 2 |
TOP OF THE 5TH |
Sioux Falls Red Pandas batting - Pitching for Hamilton Coyotes : RHP Alfonso Miranda
|
Batting: LHB Thomas Campbell
|
0-0: Ball 1-0: Foul Ball, location: 2F 1-1: Fly out, F8 (Flyball, 8RM)
|
Batting: RHB Ricardo Pérez
|
0-0: Ground out U3 (Groundball, 3S)
|
Batting: RHB Domenic Gallard
|
0-0: Fly out, F8 (Flyball, 8RM)
|
Top of the 5th over - 0 run(s), 0 hit(s), 0 error(s), 0 left on base; Sioux Falls 2 - Hamilton 2 |
BOTTOM OF THE 5TH |
Hamilton Coyotes batting - Pitching for Sioux Falls Red Pandas : LHP Jim Unknown
|
Batting: RHB Stan Pierce
|
0-0: Ball 1-0: Ball 2-0: Fly out, F7 (Flyball, 78S)
|
Batting: RHB Ralph May
|
0-0: Called Strike 0-1: Hit by Pitch
|
Batting: RHB Dan Holliday
|
0-0: Foul Ball, location: 2F 0-1: Fly out, F9 (Flyball, 89S)
|
Batting: RHB Jon Erickson
|
0-0: Called Strike 0-1: Ball 1-1: Foul Ball, location: 2F 1-2: SINGLE (Line Drive, 4) Ralph May to second Runner from 2nd tries for 3rd, SAFE, throw made to third
|
Batting: LHB Lance Schiffer
|
0-0: Called Strike 0-1: Ball 1-1: Ball 2-1: Foul Ball, location: 2F 2-2: Ball 3-2: Fly out, F6 (Popup, 5F)
|
Bottom of the 5th over - 0 run(s), 1 hit(s), 0 error(s), 2 left on base; Sioux Falls 2 - Hamilton 2 |
TOP OF THE 6TH |
Sioux Falls Red Pandas batting - Pitching for Hamilton Coyotes : RHP Alfonso Miranda
|
Batting: LHB Francisco Ornelas
|
0-0: SINGLE (Groundball, 2L) (infield hit)
|
Batting: SHB Dan Hunt
|
0-0: Foul Ball, location: 2F 0-1: Ball 1-1: Ball 2-1: SINGLE (Line Drive, 4M) Francisco Ornelas to second
|
Batting: RHB Jean Chamissa
|
0-0: SINGLE (Groundball, 6D) Francisco Ornelas to third Dan Hunt to second Runner from 3rd tries for Home, SAFE, no throw or cutoff
|
Batting: LHB Joe Perry
|
0-0: Bunted foul 0-1: Bunted foul 0-2: Grounds into double play, 4-6-3 (Groundball, 4) Dan Hunt to third
|
Batting: RHB Tyrone Graham
|
0-0: Called Strike 0-1: Ball 1-1: Ball 2-1: Foul Ball, location: 2F 2-2: SINGLE (Line Drive, 78S) Dan Hunt scores
|
Batting: RHB Keith Hatch
|
0-0: Called Strike 0-1: Foul Ball, location: 2F 0-2: Strikes out swinging
|
Top of the 6th over - 2 run(s), 4 hit(s), 0 error(s), 1 left on base; Sioux Falls 4 - Hamilton 2 |
BOTTOM OF THE 6TH |
Hamilton Coyotes batting - Pitching for Sioux Falls Red Pandas : LHP Jim Unknown
|
Batting: RHB Carlos Mercado
|
0-0: Fly out, F7 (Flyball, 78M)
|
Batting: RHB Dan Bernard
|
0-0: Foul Ball, location: 2F 0-1: Ball 1-1: Ground out 1-3 (Groundball, 15S)
|
Batting: RHB Jesús Soto
|
0-0: Ball 1-0: Called Strike 1-1: Ball 2-1: Ball 3-1: Ground out 6-3 (Groundball, 6)
|
Bottom of the 6th over - 0 run(s), 0 hit(s), 0 error(s), 0 left on base; Sioux Falls 4 - Hamilton 2 |
TOP OF THE 7TH |
Sioux Falls Red Pandas batting - Pitching for Hamilton Coyotes : RHP Alfonso Miranda
|
Batting: LHB Thomas Campbell
|
0-0: Ball 1-0: Called Strike 1-1: Foul Ball, location: 2F 1-2: Ball 2-2: Fly out, F9 (Flyball, 9M)
|
Batting: RHB Ricardo Pérez
|
0-0: Ball 1-0: Foul Ball, location: 2F 1-1: Ball 2-1: SINGLE (Flyball, 8RS)
|
Batting: RHB Domenic Gallard
|
0-0: Called Strike 0-1: Ball 1-1: Swinging Strike 1-2: Ball 2-2: Fielders Choice at 2nd, 3-6 (Groundball, 34)
|
Batting: LHB Francisco Ornelas
|
0-0: DOUBLE (Line Drive, 8LD) Domenic Gallard to third Runner from 3rd tries for Home, SAFE, no throw or cutoff
|
Batting: SHB Dan Hunt
|
0-0: Ball 1-0: Foul Ball, location: 2F 1-1: Foul Ball, location: 2F 1-2: Foul Ball, location: 2F 1-2: Foul Ball, location: 2F 1-2: Ground out 4-3 (Groundball, 4M)
|
Top of the 7th over - 1 run(s), 2 hit(s), 0 error(s), 1 left on base; Sioux Falls 5 - Hamilton 2 |
BOTTOM OF THE 7TH |
Hamilton Coyotes batting - Pitching for Sioux Falls Red Pandas : LHP Jim Unknown
|
Batting: RHB Ben Daniel
|
0-0: Foul Ball, location: 2F 0-1: Called Strike 0-2: SINGLE (Line Drive, 7LS)
|
Batting: RHB Stan Pierce
|
0-0: Bunted foul 0-1: Bunted foul 0-2: Fly out, F7 (Line Drive, 78M)
|
Pitching: LHP Jim Unknown
|
|
Batting: RHB Ralph May
|
0-0: Ball 1-0: Called Strike 1-1: Ball 2-1: SINGLE (Line Drive, 6MD) Ben Daniel to second
|
Batting: RHB Dan Holliday
|
0-0: Called Strike Throwing error on steal attempt, E2 Ben Daniel scores Ralph May to third 0-1: Ground out 1-3 (Groundball, 15)
|
Batting: RHB Jon Erickson
|
0-0: Ball 1-0: Ball 2-0: Ball 3-0: Base on Balls
|
Pinch Hitting: RHB Pete Knight
|
0-0: 3-RUN HOME RUN (Flyball, 78XD), Distance : 391 ft
|
Pitching: RHP Doug Green
|
|
Batting: RHB Carlos Mercado
|
0-0: Called Strike 0-1: Ball 1-1: Ground out 5-3 (Groundball, 56S)
|
Bottom of the 7th over - 4 run(s), 3 hit(s), 1 error(s), 0 left on base; Sioux Falls 5 - Hamilton 6 |
TOP OF THE 8TH |
Sioux Falls Red Pandas batting - Pitching for Hamilton Coyotes : RHP Alfonso Miranda
|
Pitching: LHP Robert Byrd
|
|
Now in RF: Cliff Hale
|
|
Batting: RHB Jean Chamissa
|
0-0: Ball 1-0: Ball 2-0: Called Strike 2-1: Called Strike 2-2: Foul Ball, location: 2F 2-2: Ball 3-2: Strikes out swinging
|
Batting: LHB Joe Perry
|
0-0: Ball 1-0: Fly out, F9 (Flyball, 9D)
|
Pitching: RHP John Ashley
|
|
Batting: RHB Tyrone Graham
|
0-0: Foul Ball, location: 2F 0-1: Fly out, F3 (Popup, 3F)
|
Top of the 8th over - 0 run(s), 0 hit(s), 0 error(s), 0 left on base; Sioux Falls 5 - Hamilton 6 |
BOTTOM OF THE 8TH |
Hamilton Coyotes batting - Pitching for Sioux Falls Red Pandas : RHP Doug Green
|
Batting: RHB Dan Bernard
|
0-0: Ground out 1-3 (Groundball, 13)
|
Batting: RHB Jesús Soto
|
0-0: Ball 1-0: Called Strike 1-1: Ball 2-1: Foul Ball, location: 2F 2-2: Ground out 6-3 (Groundball, 6M)
|
Batting: RHB Ben Daniel
|
0-0: Ball 1-0: Ball 2-0: Called Strike 2-1: Called Strike 2-2: Fly out, F7 (Flyball, 7M)
|
Bottom of the 8th over - 0 run(s), 0 hit(s), 0 error(s), 0 left on base; Sioux Falls 5 - Hamilton 6 |
TOP OF THE 9TH |
Sioux Falls Red Pandas batting - Pitching for Hamilton Coyotes : RHP John Ashley
|
Pitching: RHP Albert Días
|
|
Pinch Hitting: LHB Pancho Ruíz
|
0-0: Ball 1-0: Ball 2-0: Ball 3-0: Base on Balls
|
Batting: LHB Thomas Campbell
|
0-0: Ball 1-0: Ground out 4-3 (Groundball, 4M) Pancho Ruíz to second
|
Batting: RHB Ricardo Pérez
|
0-0: Called Strike 0-1: Foul Ball, location: 2F 0-2: Ball 1-2: Foul Ball, location: 2F 1-2: Ground out 6-3 (Groundball, 6)
|
Pinch Hitting: RHB Kazunori Ito
|
0-0: Ball 1-0: Called Strike 1-1: Ball 2-1: Foul Ball, location: 2F 2-2: SINGLE (Line Drive, 4MD) Pancho Ruíz to third Runner from 3rd tries for Home, SAFE, throw made home Kazunori Ito to second
|
Batting: LHB Francisco Ornelas
|
0-0: SINGLE (Flyball, 4MD) Kazunori Ito to third Runner from 3rd tries for Home, SAFE, no throw or cutoff
|
Batting: SHB Dan Hunt
|
0-0: Called Strike 0-1: Foul Ball, location: 2F 0-2: Ball Francisco Ornelas is caught stealing 2nd base
|
Top of the 9th over - 2 run(s), 2 hit(s), 0 error(s), 0 left on base; Sioux Falls 7 - Hamilton 6 |
BOTTOM OF THE 9TH |
Hamilton Coyotes batting - Pitching for Sioux Falls Red Pandas : RHP Doug Green
|
Pitching: RHP Jim Unknown
|
|
Now at 3B: Kazunori Ito
|
|
Now in RF: Pancho Ruíz
|
|
Pinch Hitting: LHB Ralph Dunford
|
0-0: Called Strike 0-1: Foul Ball, location: 2F 0-2: Ball Single, Error in OF, E9, batter to second base
|
Batting: RHB Ralph May
|
0-0: Swinging Strike 0-1: Called Strike 0-2: Ball 1-2: Ball 2-2: Strikes out looking
|
Batting: RHB Dan Holliday
|
0-0: Called Strike 0-1: Ball 1-1: Foul Ball, location: 2F 1-2: Strikes out looking
|
Batting: RHB Jon Erickson
|
0-0: Foul Ball, location: 2F 0-1: Called Strike 0-2: Ball 1-2: Foul Ball, location: 2F 1-2: Ball 2-2: Fly out, F7 (Flyball, 7D)
|
Bottom of the 9th over - 0 run(s), 1 hit(s), 1 error(s), 1 left on base; Sioux Falls 7 - Hamilton 6 |
|